 Dungeon Crawl Stone Soup version 0.14-a0-102-g2341383 (webtiles) character file.

10167 Malachi the Carver (level 11, 0/78 (80) HPs)
             Began as a Vampire Fighter on Oct 2, 2013.
             Was a Priest of Okawaru.
             Slain by a crocodile (12 damage)
             ... on Level 11 of the Dungeon on Oct 3, 2013.
             The game lasted 00:29:31 (11972 turns).

Malachi the Carver (Vampire Fighter)               Turns: 11972, Time: 00:29:31

HP   0/78 (80)   AC 16     Str 18      XL: 11   Next: 24%
MP  11/11        EV  3     Int 10      God: Okawaru [***...]
Gold 602         SH 22     Dex 13      Spells:  0 memorised, 10 levels left

Res.Fire  : . . .   See Invis. : +   j - +2,+3 elf sabre (venom)
Res.Cold  : . . .   Warding    : .   A - +0 plate armour
Life Prot.: + . .   Conserve   : .   c - +0 shield
Res.Poison: .       Res.Corr.  : .   (no helmet)
Res.Elec. : .       Clarity    : .   x - +0 cloak
Sust.Abil.: + .     Spirit.Shd : .   m - +1 pair of gloves
Res.Mut.  : .       Stasis     : .   (no boots)
Res.Rott. : .       Flight     : .   (no amulet)
Saprovore : . . .                    (no ring)
                                     F - ring of sustain abilities

@: somewhat resistant to hostile enchantments, extremely unstealthy
A: bottle blood, fangs 3, see invisible, unbreathing
a: Bat Form, Bottle Blood, Heroism, Renounce Religion


You were on level 11 of the Dungeon.
You worshipped Okawaru.
Okawaru was most pleased with you.
You were not thirsty.

You visited 2 branches of the dungeon, and saw 12 of its levels.

You collected 582 gold pieces.

Inventory:

Hand weapons
 a - a +0,+0 falchion
 i - a +0 blowgun
 j - a +2,+3 elven sabre of venom (weapon)
 y - a -1,-1 orcish scimitar
 J - a +0,+1 scimitar of flaming
Missiles
 h - 21 poisoned needles
 M - 8 tomahawks of returning (quivered)
Armour
 c - a +0 shield (worn)
 m - a +1 pair of gloves (worn)
 x - a +0 cloak (worn)
 A - a +0 plate armour (worn)
 C - a +0 steam dragon hide
Magical devices
 r - a wand of slowing (9)
 t - a wand of frost (0)
 D - a wand of polymorph (10)
 E - a wand of magic darts (6)
 H - a wand of random effects (6) {unknown}
 K - a wand of magic darts (12)
Scrolls
 f - 2 scrolls of teleportation
 g - 7 scrolls of remove curse
 k - 4 scrolls of identify
 p - a scroll of immolation {unknown}
 v - 2 scrolls of amnesia
 w - a scroll of recharging {unknown}
 L - a scroll of enchant armour
Jewellery
 d - an uncursed ring of wizardry
 F - a ring of sustain abilities (left hand)
 O - a cursed ring of hunger
Potions
 b - a potion of magic
 e - a potion of might
 l - a potion of speed
 n - 2 potions of poison
 o - a potion of paralysis
 q - a potion of agility {unknown}
 s - a potion of porridge {unknown}
 u - 3 potions of restore abilities
 z - a potion of cure mutation {unknown}
 G - 2 potions of confusion {unknown}
 N - 3 potions of slowing {unknown}
Books
 B - a book of Unlife

   Spells                             Type                      Level
   Recall                             Summoning/Translocation      3
   Animate Dead                       Necromancy                   4
   Control Undead                     Necromancy                   4
   Twisted Resurrection               Necromancy                   5
   Death Channel                      Necromancy                   6
   Simulacrum                         Ice/Necromancy               6
 I - a book of Clouds

   Spells                             Type                      Level
   Mephitic Cloud                     Conjuration/Poison/Air       3
   Conjure Flame                      Conjuration/Fire             3
   Poisonous Cloud                    Conjuration/Poison/Air       6
   Freezing Cloud                     Conjuration/Ice/Air          6
   Ring of Flames                     Charms/Fire                  7


   Skills:
 + Level 5.5 Fighting
 - Level 8.3 Short Blades
 * Level 9.7 Long Blades
 + Level 1.0 Throwing
 + Level 7.2 Armour
 + Level 6.3 Dodging
 - Level 2.1 Stealth
 + Level 7.6 Shields
 + Level 0.2 Unarmed Combat
 + Level 0.3 Invocations
 + Level 0.4 Evocations


You had 10 spell levels left.
You didn't know any spells.

Dungeon Overview and Level Annotations

Branches:
Dungeon (11/27)            Temple (1/1) D:7             Orc (0/4) D:7
   Lair (0/8) D:11

Altars:
Ashenzari
Cheibriados
Elyvilon
Fedhas
Kikubaaqudgha
Makhleb
Nemelex Xobeh
Okawaru
Sif Muna
Trog
Vehumet
Xom
Yredelemnul
Zin
the Shining One

Shops:
D:4 }+


Innate Abilities, Weirdness & Mutations

You can bottle blood from corpses.
You have razor-sharp teeth.*
You have supernaturally acute eyesight.
You can survive without breathing.*


Message History

The elephant is severely wounded.
You block the elephant's attack. The elephant barely misses you.
You hit the elephant.
The elephant is severely wounded.
You block the elephant's attack.
The elephant trunk-slaps you but does no damage.
The crocodile barely misses you.
You kill the elephant!
Okawaru accepts your kill.
Things that are here:
2 darts; a whip; a poisoned dart You see here a dart.
You hit the crocodile but do no damage.
The crocodile is poisoned.
You closely miss the crocodile. The crocodile bites you.
* * * LOW HITPOINT WARNING * * *
You hit the crocodile but do no damage.
The crocodile looks even sicker.
Your bite misses the crocodile.
The crocodile is lightly wounded.
The crocodile bites you!
You die...

..###'###....#.....#..+ #......
..#.....#....#.....#..# #......
..#....##.)..#.....#..# #......
..#....#.....#.....#..# #..(...
..#....#.....#.....#..# #......
..##'###.....#.....#..#####......
.............'.....#.............
###########..#######.............
#....t@................
#....########.######### #....#
### ######


You could see a crocodile.

Vanquished Creatures
  A hill giant (D:10)
  A cyclops (D:10)
  An elephant (D:11)
  Maurice (D:8)
  A guardian serpent (D:10)
  A feature mimic (D:9)
  Grinder (D:5)
  A troll (D:9)
  The ghost of casual the Magician, an average OpTm (D:4)
  A hungry ghost (D:7)
  8 yaks (D:10)
  A hill giant zombie (D:8)
  A steam dragon (D:9)
  2 hippogriffs
  A manticore (D:8)
  Edmund (D:8)
  A necrophage (D:9)
  3 orc warriors
  A phantom (D:5)
  4 ogres
  A human (D:7)
  2 black bears
  2 centaurs
  A big kobold (D:11)
  A crocodile (D:11)
  Sigmund (D:7)
  Duvessa (D:5)
  Blork the orc (D:8)
  5 giant frogs
  2 yak zombies
  5 wights (D:9)
  Dowan (D:5)
  6 killer bees (D:10)
  2 goliath beetles
  A centaur zombie (D:6)
  7 hounds
  8 crimson imps
  A jelly (D:7)
  Crazy Yiuf (D:5)
  2 iguanas
  A gnoll shaman (D:9)
  11 orc wizards
  10 orc priests
  5 scorpions
  2 centaur skeletons
  9 worker ants
  4 sheep (D:7)
  A hound skeleton (D:8)
  A worker ant zombie (D:9)
  12 gnolls
  3 adders
  4 worms
  An iguana zombie (D:4)
  An adder skeleton (D:5)
  3 giant eyeballs
  5 giant geckos
  46 orcs
  A bat zombie (D:6)
  6 giant cockroaches
  16 goblins
  17 hobgoblins
  17 jackals
  4 quokkas
  18 bats
  6 giant newts
  A gnoll skeleton (D:5)
  A hobgoblin zombie (D:7)
  A jackal skeleton (D:5)
  20 kobolds
  2 kobold skeletons
  14 rats
  A rat zombie (D:5)
  A ballistomycete (D:7)
  A bush (D:6)
330 creatures vanquished.

Vanquished Creatures (others)
  A giant spore (D:7)
1 creature vanquished.

Grand Total: 331 creatures vanquished

Notes
Turn   | Place    | Note
--------------------------------------------------------------
     0 | D:1      | Malachi, the Vampire Fighter, began the quest for the Orb.
     0 | D:1      | Reached XP level 1. HP: 18/18 MP: 1/1
   138 | D:1      | Reached XP level 2. HP: 24/24 MP: 2/2
   549 | D:1      | Reached skill level 3 in Shields
   754 | D:2      | Reached XP level 3. HP: 22/30 MP: 3/3
  1020 | D:2      | Reached skill level 1 in Dodging
  1020 | D:2      | Reached XP level 4. HP: 12/36 MP: 4/4
  2434 | D:4      | Reached XP level 5. HP: 20/41 MP: 5/5
  2541 | D:4      | Noticed casual's ghost (average OpTm)
  2556 | D:4      | Killed casual's ghost
  2556 | D:4      | Reached skill level 4 in Long Blades
  2556 | D:4      | Reached XP level 6. HP: 33/48 MP: 6/6
  2792 | D:4      | Reached skill level 1 in Stealth
  2850 | D:4      | Reached XP level 7. HP: 50/53 MP: 7/7
  2859 | D:4      | Found Qiawnirch's Book Shoppe.
  2952 | D:4      | Found Piucvuopusm's Gadget Shop.
  3456 | D:5      | Entered Level 5 of the Dungeon
  3764 | D:5      | Found a blossoming altar of Fedhas.
  4238 | D:5      | Noticed Duvessa
  4238 | D:5      | Noticed Dowan
  4250 | D:5      | Killed Duvessa
  4250 | D:5      | Reached skill level 5 in Long Blades
  4262 | D:5      | Killed Dowan
  4262 | D:5      | Reached XP level 8. HP: 42/60 MP: 8/8
  4344 | D:5      | Reached skill level 5 in Short Blades
  4372 | D:5      | Paralysed by a giant eyeball for 3 turns
  4447 | D:5      | Noticed Crazy Yiuf
  4460 | D:5      | Killed Crazy Yiuf
  4661 | D:5      | Noticed Grinder
  4671 | D:5      | Paralysed by Grinder for 5 turns
  4688 | D:5      | Killed Grinder
  5354 | D:5      | Reached skill level 5 in Shields
  5870 | D:6      | Reached skill level 6 in Long Blades
  6128 | D:6      | Found an iron altar of Okawaru.
  6225 | D:6      | Found a white marble altar of Elyvilon.
  6235 | D:6      | Reached skill level 5 in Armour
  6243 | D:6      | Found a bloodstained altar of Trog.
  6352 | D:6      | Reached XP level 9. HP: 64/66 MP: 9/9
  6384 | D:6      | Paralysed by a giant eyeball for 2 turns
  6607 | D:7      | Reached skill level 5 in Dodging
  6756 | D:7      | Found a staircase to the Ecumenical Temple.
  6802 | Temple   | Entered the Ecumenical Temple
  7094 | D:6      | Became a worshipper of Warmaster Okawaru
  7296 | D:7      | Noticed Sigmund
  7309 | D:7      | Killed Sigmund
  7349 | D:7      | Found a staircase to the Orcish Mines.
  7592 | D:7      | Reached skill level 7 in Short Blades
  7766 | D:8      | Noticed Blork the orc
  7777 | D:8      | Killed Blork the orc
  7805 | D:8      | Acquired Okawaru's first power
  7862 | D:8      | Noticed Edmund
  7887 | D:8      | Killed Edmund
  8296 | D:8      | Noticed Maurice
  8335 | D:8      | Killed Maurice
  8335 | D:8      | Reached XP level 10. HP: 56/73 MP: 10/10
  9014 | D:9      | Reached skill level 8 in Short Blades
  9102 | D:9      | Found a shimmering altar of Xom.
  9683 | D:10     | Entered Level 10 of the Dungeon
  9803 | D:10     | Reached skill level 5 in Fighting
 10116 | D:10     | Reached skill level 9 in Long Blades
 10126 | D:10     | Reached skill level 1 in Throwing
 10520 | D:10     | Noticed a guardian serpent
 10904 | D:10     | Killed a guardian serpent
 10904 | D:10     | Reached XP level 11. HP: 39/78 MP: 8/11
 11329 | D:10     | Noticed a hill giant
 11341 | D:10     | Killed a hill giant
 11789 | D:11     | Found a staircase to the Lair.
 11972 | D:11     | Slain by a crocodile

Action                   |  1- 3 |  4- 6 |  7- 9 | 10-12 || total
-------------------------+-------+-------+-------+-------++-------
Melee: Falchion          |   124 |       |       |       ||   124
       Sabre             |    22 |   144 |   780 |   278 ||  1224
       Scimitar          |       |       |    16 |   207 ||   223
       Unarmed           |       |       |     5 |       ||     5
Throw: Tomahawk          |       |       |       |     8 ||     8
Invok: Heroism           |       |       |       |     2 ||     2
Evoke: Wand              |       |       |     2 |       ||     2
  Use: Scroll            |       |    15 |     3 |     8 ||    26
       Potion            |       |       |     2 |     4 ||     6
 Stab: Confused          |       |       |     1 |       ||     1
